 Dungeon Crawl Stone Soup version 0.31.0-11-ge490571c62 (webtiles) character file.

Game seed: 10024610584892495734

313 solopath the Ruffian (level 6, 0/47 HPs)
             Began as a Demonspawn Shapeshifter on Feb 2, 2024.
             Slain by a gnoll
             ... wielding a +0 halberd
              (7 damage)
             ... on level 4 of the Dungeon.
             The game lasted 00:02:27 (2991 turns).

solopath the Ruffian (Demonspawn Shapeshifter)      Turns: 2991, Time: 00:02:28

Health: 0/47       AC:  8    Str: 16    XL:     6   Next: 19%
Magic:  6/6        EV: 12    Int: 10    God:
Gold:   245        SH:  4    Dex: 13    Spells: 5/5 levels left

rFire   . .          .
                       - Unarmed
rCold   . . .        (no shield)
rNeg    . . .        a - +0 animal skin
rPois   .            (helmet currently unavailable)
rElec   .            (cloak currently unavailable)
rCorr   .            (gloves currently unavailable)
SInv    .            (boots currently unavailable)
Will    .....        (no amulet)
Stlth   +            (no ring)
HPRegen 0.27/turn    (no ring)
MPRegen 0.10/turn

%: no passive effects
@: beast-form
A: beast (slay +2), yellow scales 1, foul stench 1, icemail 1, condensation
shield
a: Begin Untransformation


You were on level 4 of the Dungeon.
You were a hulking beast.
You visited 1 branch of the dungeon, and saw 4 of its levels.

You collected 245 gold pieces.

Inventory:

Armour
 a - a +0 animal skin (worn)
Jewellery
 n - an amulet of the acrobat
 o - a ring of positive energy
 v - a ring of magical power
Talismans
 c - a beast talisman
 d - a flux talisman
 u - a blade talisman
Wands
 s - a wand of paralysis (12)
Scrolls
 e - 2 scrolls of revelation {unknown}
 f - a scroll of fear {unknown}
 g - 2 scrolls of torment {unknown}
 h - 2 scrolls of amnesia {unknown}
 i - a scroll of silence {unknown}
 j - a scroll of poison {unknown}
 l - 3 scrolls of identify {unknown}
 m - 3 scrolls of noise {unknown}
 p - a scroll of vulnerability {unknown}
Potions
 b - a potion of lignification
 k - a potion of curing {unknown}
 q - a potion of invisibility {unknown}
 r - 3 potions of might {unknown}
 t - a potion of ambrosia {unknown}


   Skills:
 + Level 3.1 Fighting
 - Level 1.7 Dodging
 * Level 4.9 Unarmed Combat
 + Level 3.7 Shapeshifting


You had 5 spell levels left.
You didn't know any spells.
Your spell library contained the following spells:

 Spells                   Type           Power      Damage    Failure   Level
 Animate Dead             Necr           0%         N/A       98%         4
 Borgnjor's Vile Clutch   Necr/Erth      0%         N/A       100%        5
 Death Channel            Necr           0%         N/A       100%        6


Dungeon Overview and Level Annotations

Branches:
Dungeon (4/15)
 Temple: D:4-7

Altars:
Makhleb
Qazlal

Annotations:
D:3 1 runed translucent door, Crazy Yiuf


Innate Abilities, Weirdness & Mutations

You are a hulking beast.
Your limbs bulge with bestial killing power. (Slay +2)
You are partially covered in yellow scales. (AC +2)
You may rarely emit foul miasma when damaged in melee.
A meltable icy envelope protects you from harm. (AC +4)
A meltable shield of frost defends you. (SH +4)


Message History

No target in view!
No target in view!
No target in view!
No target in view!
No target in view!
s - a wand of paralysis (12) (gained 7 charges)
You now have 245 gold pieces (gained 12). 2 gnolls come into view.
The gnoll shouts! x2; You hear a shout!
A gnoll comes into view. It is wielding a +0 club.
There are monsters nearby!
There are monsters nearby!
The gnoll barely misses you.
You closely miss the gnoll. The gnoll misses you. The gnoll closely misses you.
The gnoll barely misses you. The gnoll hits you with a +0 halberd!
You block the gnoll's attack.
You hit the gnoll.
The gnoll is heavily wounded.
The gnoll hits you but does no damage. The gnoll hits you with a +0 halberd!
The gnoll barely misses you.
You punch the gnoll!
You kill the gnoll!
The gnoll hits you but does no damage. The gnoll closely misses you.
Unknown command.
The gnoll barely misses you.
You see here a +0 spear.
You closely miss the gnoll. You block the gnoll's attack.
The gnoll hits you with a +0 halberd!
* * * LOW HITPOINT WARNING * * *
You hit the gnoll.
The gnoll is moderately wounded.
The gnoll barely misses you. The gnoll hits you with a +0 halberd!
* * * LOW HITPOINT WARNING * * *
You emit a cloud of foul miasma!
Unknown command.
You hit the gnoll. You punch the gnoll.
The gnoll is almost dead.
The gnoll hits you but does no damage.
The gnoll is engulfed in dark miasma.
The gnoll is poisoned.
The gnoll hits you with a +0 halberd!
You die...

#####..... ......
+..#...... ......#
#......... #....#.
#.<#.....> #...... ####
##.###.... #......##..##
##.# #.... #......#....####
#..##.....
.......#......<####.....##.
..........hg....###........
#.#.......g................
#..###.......#...........
#. #.......##...#....... #
............###.......
........##...# .##....
..#..#...##.### .##....
........##..# ....... ..
#.. .......


You could see 2 gnolls.

Vanquished Creatures
  A howler monkey (D:4)
  A hound (D:4)
  2 orc wizards (D:3)
  Natasha (twice) (D:3)
  Robin (D:2)
  A gnoll (D:4)
  3 adders
  A ribbon worm (D:3)
  3 dart slugs
  7 orcs
  11 endoplasms
  4 giant cockroaches
  15 goblins
  6 hobgoblins
  3 quokkas
  8 ball pythons
  2 bats
  3 frilled lizards
  10 kobolds
  3 rats
87 creatures vanquished.

Notes
Turn   | Place    | Note
-------+----------+-------------------------------------------
     0 | D:1      | solopath the Demonspawn Shapeshifter began the quest for
                  | the Orb.
     0 | D:1      | Reached XP level 1. HP: 15/15 MP: 1/1
   222 | D:1      | Reached skill level 3 in Unarmed Combat
   237 | D:1      | Gained mutation: You are partially covered in yellow
                  | scales. (AC +2) [demonic ancestry]
   237 | D:1      | Reached XP level 2. HP: 21/21 MP: 2/2
   834 | D:2      | Gained mutation: A meltable shield of frost defends you.
                  | (SH +4) [demonic ancestry]
   834 | D:2      | Reached XP level 3. HP: 27/27 MP: 3/3
  1106 | D:2      | Noticed Robin
  1134 | D:2      | Killed Robin
  1185 | D:2      | Reached XP level 4. HP: 33/33 MP: 4/4
  1356 | D:2      | Found a faded altar of an unknown god.
  1781 | D:3      | Noticed Natasha
  1791 | D:3      | Killed Natasha
  1792 | D:3      | Reached skill level 4 in Unarmed Combat
  1926 | D:3      | Found a burning altar of Makhleb.
  1926 | D:3      | Noticed a blizzard demon
  2076 | D:3      | Found a stormy altar of Qazlal.
  2076 | D:3      | Noticed Natasha
  2090 | D:3      | Killed Natasha
  2091 | D:3      | Gained mutation: A meltable icy envelope protects you from
                  | harm. (AC +4) [demonic ancestry]
  2091 | D:3      | Reached XP level 5. HP: 31/39 MP: 5/5
  2630 | D:3      | Found a runed translucent door.
  2631 | D:3      | Noticed Crazy Yiuf
  2870 | D:4      | Gained mutation: You may rarely emit foul miasma when
                  | damaged in melee. [demonic ancestry]
  2870 | D:4      | Reached XP level 6. HP: 35/47 MP: 6/6
  2991 | D:4      | Slain by a gnoll

Illustrated notes

Levels and vault maps discovered:
D:1:      eino_arrival_cavern_d, layout_basic,
          nicolae_concentric_dashed_squares_wild
D:2:      layout_loops_corners, shapermc_ecumenical_altar_pompeii, uniq_robin
D:3:      layout_loops_ring, makhleb_altar_promises_db, amcnicky_altar_gilded,
          glass_columns_b, uniq_crazy_yiuf_cottage, uniq_natasha
D:4:      layout_cave_pools, zin_treasury, serial_shops, nicolae_shop_crystal,
          grunt_ministairs_10

Skill      XL: |  1  2  3  4  5 |
---------------+----------------+-----
Unarmed Combat | 3 4 |  4.9
Shapeshifting  | 3 |  3.7
Fighting       | 2 3 |  3.1
Dodging        | |  1.7

Action                     |  1- 3 |  4- 6 || total
---------------------------+-------+-------++-------
  Melee: Unarmed           |   102 |   148 ||   250
         Punch             |       |     3 ||     3
   Stab: Sleeping          |     2 |     1 ||     3
 Armour: Animal skin       |    35 |    74 ||   109
  Dodge: Dodged            |    49 |    77 ||   126
  Block: Other             |     4 |    23 ||    27
